 Dungeon Crawl Stone Soup version 0.29-a0-1023-g6ae1a4a2c7 (webtiles) character file.

Game seed: 1016371923525281023

481 27heaven the Skirmisher (level 7, -11/40 HPs)
             Began as a Kobold Hunter on Aug 11, 2022.
             Was a Priest of Ashenzari.
             Mangled by a wyvern zombie (13 damage)
             ... in an ossuary.
             The game lasted 00:16:34 (3209 turns).

27heaven the Skirmisher (Kobold Hunter)             Turns: 3209, Time: 00:16:35

Health: -11/40     AC:  4    Str:  8    XL:     7   Next: 34%
Magic:  6/6        EV: 16    Int: 10    God:    Ashenzari [***...]
Gold:   171        SH:  5    Dex: 21    Spells: 6/6 levels left

rFire   + . .      SeeInvis +   a - +0 shortbow of the Lashed Sage {Comp, Evo} (curse)
rCold   . . .      Faith    .   (shield currently unavailable)
rNeg    . . .      Spirit   .   c - +0 leather armour of the Sibylline Burden {Alch, Comp} (curse)
rPois   .          Reflect  +   (helmet restricted)
rElec   .          Harm     .   j - +0 cloak "Pangnostic Prison" {Comp, Cun} (curse)
rCorr   .          Rampage  .   (no gloves)
Will    .....      Clarity  +   (no boots)
Stlth   +++.......              d - amulet of Ashenzari's Liberalism {Reflect SH+5, Evo, Cun} (curse)
HPRegen 0.13/turn               q - ring of protection from fire
MPRegen 0.10/turn               (no ring)

@: flying
A: small, no large weapons, nightstalker 3, beak, low MP 1
a: Renounce Religion, Shatter the Chains


You were in an ossuary.
You worshipped Ashenzari.
Ashenzari was most pleased with you.
You visited 1 branch of the dungeon, and saw 4 of its levels.
You also visited: Ossuary.

You collected 171 gold pieces.

Inventory:

Hand Weapons
 a - the cursed +0 shortbow of the Lashed Sage (weapon) {Comp, Evo}

   It has a curse which improves the following skills: Companions: Summonings
   and Necromancy.
   Evocations: Evocations.
 t - a +1 dagger of venom
Armour
 c - the cursed +0 leather armour of the Sibylline Burden (worn) {Alch, Comp}

   It has a curse which improves the following skills: Alchemy: Poison Magic and
   Transmutations.
   Companions: Summonings and Necromancy.
 j - the cursed +0 cloak "Pangnostic Prison" (worn) {Comp, Cun}
   (You found it on level 1 of the Dungeon)

   It has a curse which improves the following skills: Companions: Summonings
   and Necromancy.
   Cunning:   Dodging and Stealth.
Jewellery
 d - the cursed amulet of Ashenzari's Liberalism (around neck) {Reflect SH+5, Evo, Cun}
   (You found it on level 1 of the Dungeon)

   [amulet of reflection]

   It reflects blocked missile attacks.
   SH:        It affects your SH (+5).
   It has a curse which improves the following skills: Evocations: Evocations.
   Cunning:   Dodging and Stealth.
 q - a ring of protection from fire (left hand)
Scrolls
 b - a scroll of immolation
 e - a scroll of fog
 f - 3 scrolls of enchant armour
 h - 3 scrolls of poison
 r - a scroll of brand weapon
 s - a scroll of fear
Potions
 i - 2 potions of attraction
 l - a potion of brilliance
 n - a potion of mutation
 o - 2 potions of resistance


   Skills:
 - Level 2.1 Fighting
 + Level 10.8 Ranged Weapons
 - Level 2.4(4.3) Dodging
 - Level 1.3(2.9) Stealth


You had 6 spell levels left.
You didn't know any spells.
Your spell library was empty.

Dungeon Overview and Level Annotations

Branches:
Dungeon (4/15)            Ossuary (1/1)
 Temple: D:4-7

Altars:
Ashenzari
Elyvilon


Innate Abilities, Weirdness & Mutations

You are small and have problems with some larger weapons.
You are completely attuned to the shadows.
You have a beak for a mouth.
Your magical capacity is low. (-10% MP)


Message History

Unknown command.
Okay, then.
Fire: a) +0 shortbow of the Lashed Sage {Comp, Evo} (curse)
Press: ? - help, Shift-Dir - straight line, f - wyvern zombie, p - bullfrog zombie
Aim: a wyvern zombie (severely damaged, 83% to hit)
You shoot an arrow.
The arrow barely misses the wyvern zombie.
The bullfrog zombie misses you.
The wyvern zombie completely misses you.
The bullfrog zombie barely misses you.
You are too injured to fight recklessly!
Fire: a) +0 shortbow of the Lashed Sage {Comp, Evo} (curse)
Press: ? - help, Shift-Dir - straight line, f/p - wyvern zombie
Aim: a wyvern zombie (severely damaged, 83% to hit)
You shoot an arrow. The arrow hits the wyvern zombie.
The wyvern zombie is severely damaged.
The wyvern zombie completely misses you.
The bullfrog zombie hits you but does no damage.
Fire: a) +0 shortbow of the Lashed Sage {Comp, Evo} (curse)
Press: ? - help, Shift-Dir - straight line, f/p - wyvern zombie
Aim: a wyvern zombie (severely damaged, 83% to hit)
You shoot an arrow. The arrow hits the wyvern zombie.
The wyvern zombie is severely damaged.
The wyvern zombie misses you. You block the bullfrog zombie's attack.
Unknown command.
Fire: a) +0 shortbow of the Lashed Sage {Comp, Evo} (curse)
Press: ? - help, Shift-Dir - straight line, f/p - wyvern zombie
Aim: a wyvern zombie (severely damaged, 83% to hit)
You shoot an arrow.
The arrow hits the wyvern zombie but does no damage.
The wyvern zombie is severely damaged.
The wyvern zombie misses you. The bullfrog zombie barely misses you.
The wyvern zombie closely misses you.
Fire: a) +0 shortbow of the Lashed Sage {Comp, Evo} (curse)
Press: ? - help, Shift-Dir - straight line, f/p - wyvern zombie
Aim: a wyvern zombie (severely damaged, 83% to hit)
You shoot an arrow. The arrow hits the wyvern zombie!
The wyvern zombie is almost destroyed.
The bullfrog zombie closely misses you. The wyvern zombie bites you!
You die...

, ,* ~ ** * ~ , ,
{ ~.,,* ~ ~* *
#####~ ** *~ * ,
{#∩..#~,, ~ ~* ,
* #.∩.#~###*~ ~*
, , {#...#MZZ##
##+##~##.{#Z## ,
...~~~~.~{{#@#*~*
'*'#.~~~~#'##Z##
* *,#.#P~.#.≈~≈≈≈
##~≈~~~~##≈≈#*
####~~#≈≈≈#
####### *


You could see 2 bullfrog zombies, a wyvern zombie and a centaur zombie.

Vanquished Creatures
  A water moccasin zombie (Ossuary)
  A bullfrog zombie (Ossuary)
  Jessica (D:3)
  Terence (D:3)
  An orc wizard (D:4)
  A killer bee zombie (Ossuary)
  11 mummies (Ossuary)
  4 adders
  2 worms (D:2)
  3 orcs
  6 ball pythons
  5 endoplasms
  A giant cockroach (D:4)
  7 goblins
  6 hobgoblins
  5 kobolds
  5 quokkas
  7 bats
  A frilled lizard (D:1)
  10 rats
79 creatures vanquished.

Vanquished Creatures (others)
  5 withered plants (Ossuary)
5 creatures vanquished.

Grand Total: 84 creatures vanquished

Notes
Turn   | Place    | Note
-------+----------+-------------------------------------------
     0 | D:1      | 27heaven the Kobold Hunter began the quest for the Orb.
     0 | D:1      | Reached XP level 1. HP: 12/12 MP: 1/1
   136 | D:1      | Found a faded altar of an unknown god.
   143 | D:1      | Prayed at the altar of an unknown god.
   143 | D:1      | Became a worshipper of Ashenzari the Shackled
   302 | D:1      | Reached XP level 2. HP: 17/17 MP: 2/2
   400 | D:1      | Reached skill level 6 in Ranged Weapons
   842 | D:1      | Reached * piety under Ashenzari
   842 | D:1      | Reached ** piety under Ashenzari
  1302 | D:2      | Reached XP level 3. HP: 21/21 MP: 3/3
  1480 | D:2      | Reached skill level 7 in Ranged Weapons
  1573 | D:2      | Reached XP level 4. HP: 26/26 MP: 4/4
  2440 | D:3      | Noticed Jessica
  2441 | D:3      | Killed Jessica
  2442 | D:3      | Reached XP level 5. HP: 30/30 MP: 5/5
  2513 | D:3      | Found a white marble altar of Elyvilon.
  2687 | D:3      | Reached *** piety under Ashenzari
  2696 | D:3      | Reached skill level 8 in Ranged Weapons
  2809 | D:3      | Noticed Terence
  2828 | D:3      | Killed Terence
  2951 | D:4      | Found a sand-covered staircase.
  3042 | Ossuary  | Entered an ossuary
  3072 | Ossuary  | Reached skill level 9 in Ranged Weapons
  3072 | Ossuary  | Reached XP level 6. HP: 35/35 MP: 6/6
  3147 | Ossuary  | Reached skill level 10 in Ranged Weapons
  3155 | Ossuary  | Reached XP level 7. HP: 32/40 MP: 7/7
  3201 | Ossuary  | Gained mutation: You have a beak for a mouth. [potion of
                  | mutation]
  3201 | Ossuary  | Gained mutation: Your magical capacity is low. (-10% MP)
                  | [potion of mutation]
  3203 | Ossuary  | HP: 1/40 [bullfrog zombie (3)]
  3209 | Ossuary  | Mangled by a wyvern zombie

Illustrated notes

Levels and vault maps discovered:
D:1:      dpeg_arrival_castle, layout_basic, ebering_ecumenical_altar_abandoned,
          minmay_box_of_dots
D:2:      layout_basic, minmay_misc_feat_diagonals, minmay_misc_feat_iff
D:3:      layout_loops_cross, nicolae_overflow_hidden_temple, st_stairs_14,
          uniq_terence, uniq_jessica
D:4:      layout_basic, marbit_many_paths, worldfamousw_hep_ancestral_shrine,
          nicolae_ossuary_entry_false_entrances, st_stairs_9,
          grunt_decor_fettered, nicolae_shop_clearance
Ossuary:  ossuary_zaba_flooded

Skill      XL: |  1  2  3  4  5  6 |
---------------+-------------------+-----
Ranged Weapons | 6 7 9 10 | 10.8
Fighting       | |  2.1
Dodging        | |  2.4
Stealth        | |  1.3

Action                   |  1- 3 |  4- 6 |  7- 9 || total
-------------------------+-------+-------+-------++-------
 Fire: Shortbow          |    80 |   129 |    48 ||   257
Invok: Curse Item        |     2 |     2 |       ||     4
  Use: Potion            |       |     1 |     6 ||     7
Armor: Leather armour    |     8 |    18 |     8 ||    34
Dodge: Dodged            |    17 |    50 |    68 ||   135
Block: Other             |     2 |    20 |    29 ||    51
       Reflection        |     1 |       |       ||     1

Table legend: (Time is in decaauts)
 A = Elapsed time spent in this place.
 B = Non-inter-level travel time spent in this place.
 C = Inter-level travel time spent in this place.
 D = Time resting spent in this place.
 E = Time spent auto-exploring this place.
 F = Levels seen in this place.
 G = Mean time per level.
                   A        B        C        D        E       F      G
               +--------+--------+--------+--------+--------+-----+--------+
         Total |   3274 |   3191 |     83 |     40 |   2431 |   5 |  654.8 |
       Dungeon |   3075 |   2992 |     83 |      0 |   2431 |   4 |  768.8 |
       Ossuary |    199 |    199 |      0 |     40 |      0 |   1 |  199.0 |
               +--------+--------+--------+--------+--------+-----+--------+

Top non-repeatable levels by time:
     D:1: 1179 daAuts
     D:2: 1039 daAuts
     D:3: 750 daAuts
 Ossuary: 199 daAuts
     D:4: 106 daAuts
